 Dungeon Crawl Stone Soup version 0.32-a0-450-g080537f31e (webtiles) character file.

Game seed: 5317559142196497738

1652 ikejrs the Grappler (level 8, -2/75 HPs)
             Began as a Troll Berserker on Feb 23, 2024.
             Was a Priest of Trog.
             Slain by a kobold
             ... wielding a +0 club
              (4 damage)
             ... on level 6 of the Dungeon.
             The game lasted 00:15:12 (3862 turns).

ikejrs the Grappler (Troll Berserker)               Turns: 3862, Time: 00:15:12

Health: -2/75      AC:  6    Str: 28    XL:     8   Next: 68%
Magic:  7/7        EV: 10    Int:  3    God:    Trog [***...]
Gold:   283        SH:  0    Dex:  9    Spells: 7/7 levels left

rFire   . .          .
                       - Unarmed
rCold   . . .        (no shield)
rNeg    . . .        a - +0 animal skin
rPois   .            s - +2 hat
rElec   .            (no cloak)
rCorr   .            (gloves unavailable)
SInv    .            (boots unavailable)
Will    .....        (no amulet)
Stlth   ++           (no ring)
HPRegen 1.12/turn    (no ring)
MPRegen 0.10/turn

%: no passive effects
@: no status effects
A: large, unfitting armour, claws 3, regeneration 1, shaggy fur 1, tough skin 1
a: Renounce Religion, Berserk, Trog's Hand


You were on level 6 of the Dungeon.
You worshipped Trog.
Trog was most pleased with you.
You visited 1 branch of the dungeon, and saw 6 of its levels.

You collected 283 gold pieces.

Inventory:

Hand Weapons
 h - a +1 flail of draining
Missiles
 d - a throwing net (quivered)
Armour
 a - a +0 animal skin (worn)
 s - a +2 hat (worn)
Jewellery
 e - an amulet of faith
 k - an amulet of the acrobat
 r - an amulet of guardian spirit
Scrolls
 b - 2 scrolls of immolation {unknown}
 c - a scroll of teleportation {unknown}
 i - a scroll of silence {unknown}
 m - a scroll of revelation {unknown}
 p - a scroll of identify {unknown}
 u - a scroll of enchant weapon {unknown}
Potions
 f - a potion of ambrosia {unknown}
 g - a potion of cancellation {unknown}
 j - a potion of resistance {unknown}
 l - 2 potions of berserk rage {unknown}
 n - 2 potions of lignification {unknown}
 o - a potion of attraction {unknown}
 q - a potion of mutation {unknown}
 t - 4 potions of curing {unknown}


   Skills:
 + Level 3.3 Fighting
 + Level 4.4 Dodging
 + Level 1.8 Stealth
 + Level 9.7 Unarmed Combat


You had 7 spell levels left.
You didn't know any spells.
Your spell library contained the following spells:

 Spells                   Type           Power      Damage    Failure   Level
 Anguish                  Hex/Necr       0%         N/A       99%         4
 Cause Fear               Hex            0%         N/A       99%         4
 Enfeeble                 Hex            0%         N/A       100%        7


Dungeon Overview and Level Annotations

Branches:
Dungeon (6/15)
 Temple: D:4-7

Altars:
Nemelex Xobeh
Qazlal
Uskayaw


Innate Abilities, Weirdness & Mutations

You are too large for most types of armour.
You have claws for hands.
Your natural rate of healing is unusually fast.
You are covered in fur. (AC +1)
You have tough skin. (AC +1)


Message History

You scratch Prince Ribbit. Your claw misses Prince Ribbit.
Prince Ribbit is lightly wounded.
The kobold barely misses you. The kobold closely misses you.
Prince Ribbit hits you.
You scratch Prince Ribbit.
Prince Ribbit is lightly wounded.
The kobold hits you with a +0 short sword.
Prince Ribbit hits you! The kobold hits you with a +0 club.
The kobold closely misses you.
You closely miss Prince Ribbit.
Prince Ribbit is lightly wounded.
Prince Ribbit hits you.
The kobold hits you with a +0 short sword.
The kobold hits you but does no damage. The kobold closely misses you.
You miss Prince Ribbit.
Prince Ribbit is lightly wounded.
Prince Ribbit hits you! The kobold hits you but does no damage.
The kobold barely misses you. The kobold hits you with a +0 club.
Prince Ribbit hits you!
* * * LOW HITPOINT WARNING * * *
You barely miss Prince Ribbit.
Prince Ribbit is lightly wounded.
The kobold hits you but does no damage. Prince Ribbit hits you!
* * * LOW HITPOINT WARNING * * *
The kobold closely misses you. The kobold misses you.
You claw Prince Ribbit!
Prince Ribbit is heavily wounded.
Prince Ribbit barely misses you. The kobold hits you but does no damage.
The kobold closely misses you. The kobold barely misses you.
You mangle Prince Ribbit!!
Prince Ribbit is almost dead.
Prince Ribbit hits you.
* * * LOW HITPOINT WARNING * * *
The kobold hits you with a +0 short sword.
* * * LOW HITPOINT WARNING * * *
You claw Prince Ribbit!
You kill Prince Ribbit!
Trog accepts your kill. The kobold hits you with a +0 club.
You die...

.#.#.........# #..........
..#..........###..##......
#.#.#?...........##......
...#...!..#..............
.#.#.#.#...#...##.......[.
.K.............#####......
...KKS..K.......####......
#.....###.K...............
#....K..#@.#.....#####....
#... #KKK.#..)†..# #....
#.. ##...#......# ......
#. #.................. #
#...#..............
#####..........
#.......... #.....#####


You could see a kobold brigand and 4 kobolds.

Vanquished Creatures
  Pikel (D:4)
  Prince Ribbit (D:6)
  Grinder (D:5)
  A sky beast (D:4)
  A centaur (D:5)
  3 ogres
  A phantom (D:4)
  A lemure (D:4)
  3 scorpions
  2 hounds
  2 jellies (D:4)
  A bombardier beetle (D:4)
  2 iguanas
  7 adders
  3 ribbon worms
  2 dart slugs (D:2)
  7 orcs
  6 ball pythons
  4 bats
  12 endoplasms
  3 giant cockroaches
  12 hobgoblins
  2 quokkas
  4 frilled lizards
  6 goblins
  4 kobolds
  6 rats
98 creatures vanquished.

Notes
Turn   | Place    | Note
-------+----------+-------------------------------------------
     0 | D:1      | ikejrs the Troll Berserker began the quest for the Orb.
     0 | D:1      | Reached XP level 1. HP: 22/22 MP: 0/0
   189 | D:1      | Reached XP level 2. HP: 29/29 MP: 1/1
   726 | D:2      | Reached XP level 3. HP: 33/36 MP: 2/2
  1172 | D:2      | Reached ** piety under Trog
  1199 | D:2      | Reached XP level 4. HP: 35/44 MP: 3/3
  1261 | D:2      | Reached skill level 4 in Unarmed Combat
  1299 | D:2      | Found a faded altar of an unknown god.
  1411 | D:2      | Found a hide-covered altar of Uskayaw.
  1685 | D:3      | You fall into a shaft and drop 3 floors!
  1689 | D:6      | Noticed Grinder
  1694 | D:5      | Entered Level 5 of the Dungeon
  1702 | D:5      | Killed Grinder
  1703 | D:5      | Reached skill level 5 in Unarmed Combat
  1703 | D:5      | Reached XP level 5. HP: 42/53 MP: 4/4
  1703 | D:5      | Reached XP level 6. HP: 48/61 MP: 5/5
  1860 | D:5      | Reached skill level 6 in Unarmed Combat
  1980 | D:4      | Reached skill level 1 in Stealth
  1980 | D:4      | Reached XP level 7. HP: 61/67 MP: 6/6
  2044 | D:4      | Reached skill level 7 in Unarmed Combat
  2158 | D:3      | Found a sparkling altar of Nemelex Xobeh.
  2831 | D:4      | Reached *** piety under Trog
  2888 | D:4      | Noticed Pikel
  2903 | D:4      | Killed Pikel
  2904 | D:4      | Reached skill level 8 in Unarmed Combat
  2904 | D:4      | Reached XP level 8. HP: 40/75 MP: 7/7
  2981 | D:4      | Found a stormy altar of Qazlal.
  3142 | D:4      | Reached skill level 9 in Unarmed Combat
  3411 | D:5      | Identified the +1 dagger of the Sun {elec, rElec}
  3751 | D:6      | Found a hide-covered altar of Uskayaw.
  3849 | D:6      | Noticed Prince Ribbit
  3859 | D:6      | HP: 3/75 [Prince Ribbit (14)]
  3861 | D:6      | HP: 1/75 [kobold/+0 short sword (2)]
  3862 | D:6      | Killed Prince Ribbit
  3862 | D:6      | Slain by a kobold

Illustrated notes

Levels and vault maps discovered:
D:1:      dpeg_arrival_short_road, layout_loops_ring, hangedman_decor_points
D:2:      layout_basic, basic_altar, basic_ecumenical_altar,
          minmay_misc_feat_chi
D:3:      layout_rooms, nemelex_spade_bored_becter, serial_forest,
          infiniplex_forest_end_double, infiniplex_forest_clump_curved,
          infiniplex_forest_lined_corner, infiniplex_forest_clump_cross,
          infiniplex_forest_zigzag_1, infiniplex_forest_straight_4,
          infiniplex_forest_straight_4, grunt_ministairs_4, minivault_14
D:4:      layout_basic, nicolae_qazlal_beasts_of_the_sky, minmay_vboxes,
          uniq_pikel
D:5:      layout_basic, st_stairs_3
D:6:      layout_rooms, nicolae_overflow_hidden_temple,
          minmay_temple_entry_nine_rooms, hangedman_decor_riveting,
          minmay_misc_feat_rows, uniq_grinder, uniq_prince_ribbit1

Skill      XL: |  1  2  3  4  5  6  7  8 |
---------------+-------------------------+-----
Dodging        | 3 4 |  4.4
Unarmed Combat | 5 6 8 9 |  9.7
Fighting       | 3 |  3.3
Stealth        | 1 |  1.8

Action                     |  1- 3 |  4- 6 |  7- 9 || total
---------------------------+-------+-------+-------++-------
  Melee: Unarmed           |    75 |    37 |   116 ||   228
         Punch             |     1 |       |     2 ||     3
   Stab: Sleeping          |     1 |       |     1 ||     2
 Armour: Animal skin       |    46 |    22 |    75 ||   143
  Dodge: Dodged            |    24 |    23 |    54 ||   101

Table legend: (Time is in decaauts)
 A = Elapsed time spent in this place.
 B = Non-inter-level travel time spent in this place.
 C = Inter-level travel time spent in this place.
 D = Time resting spent in this place.
 E = Time spent auto-exploring this place.
 F = Levels seen in this place.
 G = Mean time per level.
                   A        B        C        D        E       F      G
               +--------+--------+--------+--------+--------+-----+--------+
         Total |   3835 |   3835 |      0 |     54 |   2990 |   6 |  639.2 |
       Dungeon |   3835 |   3835 |      0 |     54 |   2990 |   6 |  639.2 |
               +--------+--------+--------+--------+--------+-----+--------+

Top non-repeatable levels by time:
     D:2: 958 daAuts
     D:5: 754 daAuts
     D:1: 702 daAuts
     D:3: 667 daAuts
     D:4: 587 daAuts
     D:6: 165 daAuts
